 Dungeon Crawl Stone Soup version 0.20.1-1-g8b1a95d (webtiles) character file.

67 gungr the Insei (level 4, -3/28 HPs)
             Began as an Octopode Transmuter on Oct 29, 2017.
             Slain by an orc
             ... wielding a +0 mace
              (9 damage)
             ... on level 3 of the Dungeon.
             The game lasted 00:03:39 (1907 turns).

gungr the Insei (Octopode Transmuter)               Turns: 1907, Time: 00:03:39

Health: -3/28      AC:  1    Str:  8 (9)  XL:     4   Next: 18%
Magic:  5/7        EV: 13    Int: 13 (16) God:
Gold:   78         SH:  0    Dex:  9 (12) Spells: 4/7 levels left

rFire    . . .     SeeInvis .     - Unarmed
rCold    . . .     Gourm    .   (no shield)
rNeg     . . .     Faith    .   (helmet restricted)
rPois    .         Spirit   .   (no amulet)
rElec    .         Reflect  .   (no ring)
rCorr    .         Harm     .   (no ring)
MR       .....                  (no ring)
Stlth    ++........             (no ring)
Regen    0.1/turn               (no ring)
MPRegen  0.1/turn               (no ring)
                                (no ring)
                                (no ring)

@: appendage, hasted, very quick
A: almost no armour, stealthy swim, amphibious, 8 rings, constrict 8, tentacle
spike 3, camouflage 1, gelatinous body 1
a: End Transformation


You were on level 3 of the Dungeon.
You were not hungry.
One of your tentacles had a temporary spike.
You visited 1 branch of the dungeon, and saw 3 of its levels.

You collected 78 gold pieces.

Inventory:

Missiles
 a - 39 arrows
Jewellery
 f - an uncursed ring of poison resistance {unknown}
 h - an uncursed ring of flight {unknown}
Scrolls
 d - a scroll of teleportation {unknown}
 e - 6 scrolls of identify {unknown}
 g - a scroll of immolation {unknown}
 i - a scroll of enchant weapon {unknown}
 k - 2 scrolls of remove curse {unknown}
 m - a scroll of recharging {unknown}
 o - a scroll of fear {unknown}
Books
 b - a book of Changes

   Spells                             Type                      Level
   a - Beastly Appendage              Transmutation                1
   b - Sticks to Snakes               Transmutation                2
   c - Spider Form                    Transmutation/Poison         3
   d - Ice Form                       Ice/Transmutation            4
   e - Blade Hands                    Transmutation                5
Comestibles
 c - 2 meat rations


   Skills:
 - Level 1.0 Fighting
 - Level 2.0 Dodging
 + Level 4.9 Unarmed Combat
 - Level 2.0 Spellcasting
 - Level 2.0 Transmutations


You had 4 spell levels left.
You knew the following spells:

 Your Spells              Type           Power        Failure   Level  Hunger
a - Beastly Appendage     Tmut           #.....       11%         1    ##.....
b - Sticks to Snakes      Tmut           #.......     17%         2    ###....


Dungeon Overview and Level Annotations

Branches:
Dungeon (3/15)

Altars:

Annotations:
D:2 Robin


Innate Abilities, Weirdness & Mutations

You cannot wear most types of armour.
You are very stealthy in the water. (Stealth+)
You are amphibious.
You can wear up to eight rings at the same time.
You can use your tentacles to constrict eight enemies at once.
Your skin changes colour to match your surroundings (Stealth+).
Your rubbery body absorbs attacks. (AC +1, EV +1)
One of your tentacles bears a large vicious spike.


Message History

There was something very wrong with that liquid.
You feel weakened.
You feel dopey.
You feel clumsy.
It was a potion of curing.
You feel better. The orc closely misses you.
Things that are here:
a dagger; a robe You tentacle-slap the orc wizard but do no damage.
You grab the orc wizard. You constrict the orc wizard.
The orc wizard hits you with a dagger.
You tentacle-slap the orc wizard.
You pierce the orc wizard, but do no damage.
The orc wizard is moderately wounded.
You constrict the orc wizard. The orc completely misses you.
The orc wizard hits you with a dagger.
* * * LOW HITPOINT WARNING * * *
You tentacle-slap the orc wizard.
The orc wizard is almost dead.
You constrict the orc wizard, but do no damage.
The orc hits you with a mace!
You die...

##### #....#
#....# #....#
#....# #+#
#....# #.#
#....#### #o#
#....'..# #o#
#....##.#####@#
#....#.......o#
#....#..#######
##'###..# #.#
#..# #.# #...
#.# ##.# #.#
#.# #.# ..


You could see an orc wizard and 2 orcs.

Vanquished Creatures
  An orc wizard (D:3)
  2 dart slugs
  A leopard gecko (D:1)
  A giant cockroach (D:2)
  7 goblins
  6 hobgoblins
  3 kobolds (D:1)
  7 bats
  4 frilled lizards
  6 rats
38 creatures vanquished.

Notes
Turn   | Place    | Note
-------+----------+-------------------------------------------
     0 | D:1      | gungr the Octopode Transmuter began the quest for the Orb.
     0 | D:1      | Reached XP level 1. HP: 13/13 MP: 3/3
   457 | D:1      | Reached XP level 2. HP: 18/18 MP: 5/5
   694 | D:1      | Reached skill level 4 in Unarmed Combat
   699 | D:1      | Learned a level 2 spell: Sticks to Snakes
  1189 | D:2      | Reached XP level 3. HP: 21/23 MP: 6/6
  1825 | D:2      | Noticed Robin
  1901 | D:3      | Reached XP level 4. HP: 6/28 MP: 5/7
  1907 | D:3      | Slain by an orc

Skill      XL: |  1  2 |
---------------+-------+-----
Unarmed Combat | 4 |  4.9
Fighting       | |  1.0
Dodging        | |  2.0
Spellcasting   | |  2.0
Transmutations | |  2.0

Action                   |  1- 3 |  4- 6 || total
-------------------------+-------+-------++-------
Melee: Unarmed           |    83 |     3 ||    86
       Constrict         |    20 |     1 ||    21
       Tentacles         |    11 |       ||    11
       Kick              |       |     1 ||     1
 Cast: Beastly Appendage |     1 |       ||     1
  Use: Potion            |     1 |     2 ||     3
 Stab: Sleeping          |     4 |       ||     4
  Eat: Bread ration      |     1 |       ||     1
Armor: Skin              |     9 |       ||     9
Dodge: Dodged            |    62 |     2 ||    64
